 Dungeon Crawl Stone Soup version 0.28-a0-895-g6e5f11bd55 (webtiles) character file.

Game seed: 262942007810698669

27001 siradein the Caliginous (level 13, -3/101 HPs)
             Began as a Demonspawn Brigand on Nov 21, 2021.
             Was a Priest of Dithmenos.
             Slain by an elephant (10 damage)
             ... on level 4 of the Lair of Beasts on Nov 23, 2021.
             The game lasted 02:46:43 (25015 turns).

siradein the Caliginous (Demonspawn Brigand)       Turns: 25015, Time: 02:46:44

Health: -3/101     AC: 29    Str: 13    XL:     13   Next: 2%
Magic:  18/20      EV: 16    Int: 15    God:    Dithmenos [***...]
Gold:   727        SH:  0    Dex: 24    Spells: 12/16 levels left

rFire   . . .      SeeInvis .   D - +3 trident (venom)
rCold   . . .      Faith    .   (no shield)
rNeg    . . .      Spirit   .   U - +3 ring mail of Atehesei {rPois rCorr Int+2}
rPois   +          Reflect  .   (helmet restricted)
rElec   .          Harm     .   P - +1 cloak {rPois}
rCorr   +          Rampage  .   T - +1 pair of gloves
Will    .....                   b - +2 pair of boots
Stlth   ++++++....              (no amulet)
HPRegen 0.26/turn               j - +6 ring of dexterity
MPRegen 0.17/turn               N - ring of flight

@: sanguine armoured, flying, wreathed by umbra
A: horns 1, powered by death 2, sanguine armour 3, screaming 1, evolution 1
a: Renounce Religion, Shadow Step


You were on level 4 of the Lair of Beasts.
You worshipped Dithmenos.
Dithmenos was most pleased with you.
You visited 3 branches of the dungeon, and saw 16 of its levels.

You collected 865 gold pieces.
You spent 138 gold pieces at shops.

Inventory:

Hand Weapons
 a - a +1 short sword of protection
 t - a +4 vorpal spear
 x - a +0 dagger of speed
 D - a +3 trident of venom (weapon)
Missiles
 d - 58 poisoned darts
 e - 12 curare-tipped darts
 p - 21 boomerangs (quivered)
 s - 6 atropa-tipped darts
 R - 2 throwing nets
Armour
 b - a +2 pair of boots (worn)
 P - a +1 cloak of poison resistance (worn)
 T - a +1 pair of gloves (worn)
 U - the +3 ring mail of Atehesei (worn) {rPois rCorr Int+2}
   (You found it on level 1 of the Lair of Beasts)

   Int:       It affects your intelligence (+2).
   rPois:     It protects you from poison.
   rCorr:     It protects you from acid and corrosion.
 W - the +2 robe of Pleasant Breezes {rN+ MP+9 Archmagi}
   (You found it on level 2 of the Lair of Beasts)

   rN:        It protects you from negative energy.
   MP:        It affects your magic capacity (+9).
   Archmagi:  It increases the power of your magical spells.
Jewellery
 j - a +6 ring of dexterity (left hand)
 l - a ring of resist corrosion
 v - an amulet of magic regeneration
 M - a ring of protection from fire
 N - a ring of flight (right hand)
 V - a ring of wizardry
Wands
 w - a wand of iceblast (33)
 B - a wand of flame (16)
 C - a wand of digging (6)
 H - a wand of mindburst (10)
Scrolls
 i - 4 scrolls of immolation
 m - 2 scrolls of magic mapping
 o - 3 scrolls of enchant armour
 q - 2 scrolls of fear {unknown}
 r - 3 scrolls of fog {unknown}
 y - 2 scrolls of blinking {unknown}
 F - a scroll of enchant weapon {unknown}
 G - 3 scrolls of torment {unknown}
 I - a scroll of acquirement {unknown}
 J - 3 scrolls of teleportation {unknown}
 K - 2 scrolls of brand weapon {unknown}
 O - 2 scrolls of amnesia {unknown}
 Q - a scroll of summoning {unknown}
Potions
 c - 3 potions of flight {unknown}
 f - 4 potions of magic
 h - 2 potions of attraction {unknown}
 k - 3 potions of haste
 n - a potion of might {unknown}
 u - 4 potions of curing
 z - 6 potions of invisibility
 A - 2 potions of resistance {unknown}
 E - 5 potions of heal wounds
 L - 2 potions of ambrosia {unknown}
 X - a potion of berserk rage {unknown}
 Y - 2 potions of cancellation {unknown}
 Z - a potion of lignification {unknown}


   Skills:
 + Level 9.1 Fighting
 + Level 8.1 Short Blades
 + Level 8.2 Throwing
 + Level 6.0 Armour
 + Level 8.0 Dodging
 + Level 9.6 Stealth
 + Level 2.4 Spellcasting
 + Level 2.8 Hexes
 + Level 10.1 Invocations


You had 12 spell levels left.
You knew the following spells:

 Your Spells              Type           Power      Damage    Failure   Level
a - Cause Fear            Hex            5%         N/A       78%         4

Your spell library contained the following spells:

 Spells                   Type           Power      Damage    Failure   Level
 Beastly Appendage        Tmut           2%         N/A       38%         1
 Sandblast                Erth           2%         2d4       38%         1
 Shock                    Conj/Air       4%         1d3       38%         1
 Passwall                 Tmut/Erth      0%         N/A       54%         2
 Wereblood                Tmut           1%         N/A       54%         2
 Inner Flame              Hex/Fire       6%         N/A       56%         3
 Portal Projectile        Hex/Tloc       12%        N/A       56%         3
 Call Canine Familiar     Summ           1%         N/A       77%         3
 Ozocubu's Armour         Ice            1%         N/A       77%         3
 Spider Form              Tmut/Pois      1%         N/A       77%         3
 Stone Arrow              Conj/Erth      2%         3d7       77%         3
 Swiftness                Air            1%         N/A       77%         3
 Leda's Liquefaction      Hex/Erth       3%         N/A       93%         4
 Airstrike                Air            0%         N/A       99%         4
 Summon Lightning Spire   Summ/Air       1%         N/A       99%         4
 Lightning Bolt           Conj/Air       0%         1d11      100%        5
 Metabolic Englaciation   Hex/Ice        3%         N/A       100%        5
 Silence                  Hex/Air        3%         N/A       100%        5
 Simulacrum               Ice/Necr       0%         N/A       100%        6
 Ozocubu's Refrigeration  Ice            0%         4d5       100%        7
 Storm Form               Tmut/Air       0%         N/A       100%        7
 Discord                  Hex            5%         N/A       100%        8


Dungeon Overview and Level Annotations

Branches:
Dungeon (11/15)            Temple (1/1) D:6            Lair (4/6) D:11
 Shoals (0/4) Lair:2       Spider (0/4) Lair:2          Orc (0/2) D:11

Altars:
Ashenzari
Cheibriados
Dithmenos
Elyvilon
Gozag
Kikubaaqudgha
Makhleb
Nemelex Xobeh
Ru
Sif Muna
Trog
Uskayaw
Wu Jian
Xom
Yredelemnul
Zin
The Shining One
Beogh

Shops:
D:1 [   D:2 [   D:7 *(*!(

Annotations:
D:9 3 runed translucent doors, ytrimaz's ghost, novice DsBe


Innate Abilities, Weirdness & Mutations

You have a pair of small horns on your head.
You regenerate health from kills.
When seriously injured, your blood forms very thick armour. (AC +12)
You occasionally shout uncontrollably at your foes.
You have hidden genetic potential.


Message History

Unknown command.
You hit the elephant.
The elephant looks as sick as possible!
You headbutt the elephant.
The elephant is almost dead.
The elephant tramples you!
* * * LOW HITPOINT WARNING * * *
You hold your ground!
The elephant barely misses you. The elephant misses you.
The elephant barely misses you.
The elephant tramples you but does no damage.
The elephant trunk-slaps you but does no damage.
The elephant tramples you but does no damage.
The elephant barely misses you.
You hit the elephant but do no damage.
The elephant looks as sick as possible!
The elephant is almost dead.
You kill the elephant!
Dithmenos accepts your kill.
Your shadow now sometimes tangibly mimics your actions.
The elephant misses you.
The elephant trunk-slaps you but does no damage.
The elephant tramples you.
* * * LOW HITPOINT WARNING * * *
You hold your ground!
The elephant misses you.
Aiming: Shadow Step
Press: ? - help, Dir - move target, f - elephant
Aim: an elephant (moderately wounded, umbra)
You step into the elephant's shadow.
Your shadow no longer tangibly mimics your actions.
The elephant closely misses you. x2
You see here an elephant corpse.
You hit the elephant.
The elephant is poisoned.
You headbutt the elephant.
The elephant is lightly wounded.
The elephant barely misses you. The elephant completely misses you.
The elephant tramples you but does no damage.
The elephant trunk-slaps you but does no damage.
You puncture the elephant!
The elephant is moderately wounded.
The elephant misses you.
The elephant trunk-slaps you but does no damage.
The elephant tramples you!
You die...

##.<>.....##
#.†........#
####..#.#..####
######.†...#
###...##
#....##
#.YY..###
###YY...# ###
#P@...## ....
##......#.
....#
###........#
.....#
#....###...#
#....###...##
#....
#....#...##
.... #....#..##
... #..†### .#
#.....#


You could see 4 elephants.

Vanquished Creatures
  5 hydras
  A boulder beetle (D:11)
  A two-headed ogre (D:10)
  An ugly thing (D:9)
  An orb spider (Lair:2)
  A cyclops (D:11)
  7 elephants
  4 black mambas
  Maurice (D:11)
  A centaur zombie (D:10)
  A rime drake (Lair:1)
  7 cane toads
  A gargoyle (D:11)
  An unseen horror (D:11)
  Psyche (D:8)
  3 komodo dragons
  The ghost of patchburns1 the Shield-Bearer, a novice GrFi of Qazlal (D:4)
  A polar bear (Lair:3)
  A hornet (D:10)
  5 blink frogs (Lair:2)
  A meliai zombie (D:11)
  A shadow (D:10)
  A spriggan (Lair:3)
  25 yaks
  5 wyverns
  A water elemental (D:10)
  4 basilisks
  5 vampire mosquitoes
  2 water moccasins (Lair:2)
  A swamp drake (D:11)
  7 orc warriors
  A black bear (Lair:3)
  An ice beast (D:6)
  8 wolves
  3 necrophages
  3 ogres
  8 centaurs
  2 kobold brigands
  2 phantoms
  8 bullfrogs
  2 gnoll sergeants
  A water moccasin skeleton (D:4)
  A killer bee (D:4)
  14 wights
  5 howler monkeys
  A bullfrog zombie (D:5)
  2 hounds
  7 orc priests
  Crazy Yiuf (D:7)
  A jelly (D:5)
  2 centaur skeletons
  Jessica (D:3)
  A scorpion zombie (D:5)
  6 iguanas
  8 orc wizards
  2 howler monkey zombies
  7 gnolls
  4 adders
  A shadow imp (D:7)
  2 white imps
  2 ufetubi (D:4)
  A worm (D:2)
  3 dart slugs
  44 orcs
  7 ball pythons
  6 endoplasms
  4 giant cockroaches
  9 goblins
  4 hobgoblins
  2 jackals (D:1)
  6 quokkas
  7 bats
  6 frilled lizards
  18 kobolds
  5 rats
327 creatures vanquished.

Vanquished Creatures (others)
  15 fungi
  16 plants
31 creatures vanquished.

Grand Total: 358 creatures vanquished

Notes
Turn   | Place    | Note
-------+----------+-------------------------------------------
     0 | D:1      | siradein the Demonspawn Brigand began the quest for the
                  | Orb.
     0 | D:1      | Reached XP level 1. HP: 16/16 MP: 1/1
    76 | D:1      | Reached skill level 1 in Dodging
   137 | D:1      | Found Zeggucs's Antique Armour Boutique.
   346 | D:1      | Gained mutation: When seriously injured, your blood forms
                  | armour. (AC +12) [demonic ancestry]
   346 | D:1      | Reached XP level 2. HP: 20/22 MP: 2/2
  1461 | D:2      | Found Lonag's Antique Armour Shoppe.
  1478 | D:2      | Reached XP level 3. HP: 20/28 MP: 3/3
  2259 | D:2      | Found a faded altar of an unknown god.
  2450 | D:3      | Gained mutation: You regenerate a little health from kills.
                  | [demonic ancestry]
  2450 | D:3      | Reached XP level 4. HP: 34/34 MP: 4/4
  3597 | D:3      | Noticed Jessica
  3605 | D:3      | Killed Jessica
  3606 | D:3      | Reached XP level 5. HP: 13/40 MP: 5/5
  4329 | D:4      | Gained mutation: You have a pair of small horns on your
                  | head. [demonic ancestry]
  4329 | D:4      | Reached XP level 6. HP: 36/47 MP: 6/6
  5030 | D:4      | Found a runed translucent gate.
  5030 | D:4      | Found a runed translucent gate.
  5030 | D:4      | Found a runed translucent gate.
  5031 | D:4      | Found an opulent altar of Gozag.
  5032 | D:4      | Noticed patchburns1's ghost (novice GrFi)
  5451 | D:5      | Entered Level 5 of the Dungeon
  5795 | D:5      | Reached XP level 7. HP: 53/53 MP: 7/7
  5821 | D:5      | Reached skill level 5 in Stealth
  5843 | D:5      | Found an opulent altar of Gozag.
  6574 | D:6      | Noticed a yak
  6574 | D:6      | Noticed a yak
  6574 | D:6      | Noticed a yak
  6574 | D:6      | Noticed a yak
  6599 | D:5      | Killed a yak
  7638 | D:6      | Found a staircase to the Ecumenical Temple.
  7646 | Temple   | Entered the Ecumenical Temple
  7676 | Temple   | Became a worshipper of Dithmenos the Shadowed
  7726 | D:5      | Reached skill level 1 in Invocations
  7726 | D:5      | Gained mutation: When seriously injured, your blood forms
                  | thick armour. (AC +12) [demonic ancestry]
  7726 | D:5      | Reached XP level 8. HP: 10/61 MP: 8/8
  8681 | D:6      | Reached skill level 2 in Invocations
  8858 | D:6      | Reached skill level 5 in Fighting
  9913 | D:7      | Reached skill level 3 in Invocations
 10176 | D:7      | Found Nifeefru's Weapon Boutique.
 10221 | D:7      | Found Veiri's Distillery.
 10224 | D:7      | Reached XP level 9. HP: 68/68 MP: 11/11
 10248 | D:7      | Reached skill level 5 in Short Blades
 10248 | D:7      | Reached skill level 5 in Throwing
 10332 | D:7      | Bought a potion of heal wounds for 70 gold pieces
 10332 | D:7      | Bought a potion of curing for 42 gold pieces
 10491 | D:7      | Reached skill level 4 in Invocations
 10857 | D:7      | Found Qocwob's Assorted Antiques.
 10906 | D:7      | Found Lafiynwitwe's General Store.
 10906 | D:7      | Found Poluweme's Weapon Boutique.
 11146 | D:7      | Found a runed translucent door.
 11147 | D:7      | Noticed Crazy Yiuf
 11257 | D:7      | Bought a scroll of identify for 26 gold pieces
 11617 | D:6      | Reached skill level 1 in Armour
 11617 | D:6      | Reached skill level 5 in Dodging
 11630 | D:6      | Reached skill level 5 in Invocations
 11722 | D:8      | You fall into a shaft and drop 1 floor!
 12062 | D:8      | Reached * piety under Dithmenos
 12471 | D:8      | Noticed Psyche
 12485 | D:8      | Killed Psyche
 12486 | D:8      | Gained mutation: You regenerate health from kills. [demonic
                  | ancestry]
 12486 | D:8      | Reached XP level 10. HP: 77/77 MP: 14/14
 13452 | D:9      | Reached skill level 6 in Invocations
 13867 | D:9      | Found a runed translucent gate.
 13867 | D:9      | Found a runed translucent gate.
 13867 | D:9      | Found a runed translucent gate.
 13870 | D:9      | Upgraded the game from 0.28-a0-883-gc8d7bad45d to
                  | 0.28-a0-895-g6e5f11bd55
 13874 | D:9      | Noticed ytrimaz's ghost (novice DsBe)
 13879 | D:9      | Identified the +2 robe of the Camelopard {rCorr}
 13998 | D:9      | Noticed a purple ugly thing
 14020 | D:9      | Killed a purple ugly thing
 14434 | D:10     | Entered Level 10 of the Dungeon
 14553 | D:10     | Reached ** piety under Dithmenos
 15307 | D:10     | Noticed a two-headed ogre
 15329 | D:10     | Killed a two-headed ogre
 15330 | D:10     | Reached skill level 7 in Invocations
 15495 | D:11     | Noticed a six-headed hydra
 15507 | D:10     | Killed a six-headed hydra
 15508 | D:10     | Gained mutation: When seriously injured, your blood forms
                  | very thick armour. (AC +12) [demonic ancestry]
 15508 | D:10     | Reached XP level 11. HP: 34/84 MP: 16/16
 15780 | D:11     | HP: 3/84 [gargoyle/stone arrow (25)]
 16222 | D:11     | Noticed Maurice
 16232 | D:11     | Killed Maurice
 16590 | D:11     | Noticed a boulder beetle
 16609 | D:11     | Killed a boulder beetle
 16718 | D:11     | Found a staircase to the Lair.
 17641 | D:11     | Reached skill level 8 in Invocations
 17880 | D:11     | Found a staircase to the Orcish Mines.
 18556 | Lair:1   | Entered Level 1 of the Lair of Beasts
 18566 | Lair:1   | Identified the +3 ring mail of Atehesei {rPois rCorr Int+2}
 18622 | Lair:1   | Noticed a six-headed hydra
 19056 | Lair:1   | Noticed an eight-headed hydra
 19243 | Lair:1   | Killed a six-headed hydra
 19558 | Lair:1   | Found a broken altar of Ashenzari.
 19658 | Lair:1   | Killed an eight-headed hydra
 20474 | D:4      | Killed patchburns1's ghost
 20640 | D:7      | Killed Crazy Yiuf
 20798 | Lair:1   | Reached XP level 12. HP: 85/93 MP: 18/18
 20840 | Lair:1   | Reached skill level 5 in Armour
 21367 | Lair:1   | Reached skill level 9 in Invocations
 21555 | Lair:2   | Reached *** piety under Dithmenos
 21618 | Lair:2   | You are sucked into a shaft and drop 1 floor!
 21644 | Lair:2   | Identified the +2 robe of Pleasant Breezes {rN+ MP+9
                  | Archmagi}
 21660 | Lair:2   | Learned a level 4 spell: Cause Fear
 21682 | Lair:2   | Noticed a seven-headed hydra
 21683 | Lair:2   | Noticed a seven-headed hydra
 21707 | Lair:2   | Killed a seven-headed hydra
 22018 | Lair:2   | Found a staircase to the Shoals.
 22030 | Lair:2   | Killed a seven-headed hydra
 22216 | Lair:2   | Found a hole to the Spider Nest.
 22224 | Lair:2   | Reached skill level 1 in Hexes
 22292 | Lair:2   | Reached skill level 1 in Spellcasting
 24093 | Lair:3   | Got the Volume of Egalitarianism
 24794 | Lair:3   | Gained mutation: You are frail. (-10% HP) [potion of
                  | mutation]
 24794 | Lair:3   | Gained mutation: You occasionally shout uncontrollably at
                  | your foes. [potion of mutation]
 24794 | Lair:3   | Gained mutation: Your spells are a little harder to cast,
                  | but a little more powerful. [potion of mutation]
 24795 | Lair:3   | Lost mutation: You are frail. (-10% HP) [potion of
                  | mutation]
 24795 | Lair:3   | Lost mutation: Your spells are a little harder to cast, but
                  | a little more powerful. [potion of mutation]
 24795 | Lair:3   | Gained mutation: You are robust. (+10% HP) [potion of
                  | mutation]
 24795 | Lair:3   | Gained mutation: You are covered in fur. (AC +1) [potion of
                  | mutation]
 24796 | Lair:3   | Lost mutation: You are robust. (+10% HP) [potion of
                  | mutation]
 24796 | Lair:3   | Lost mutation: You are covered in fur. (AC +1) [potion of
                  | mutation]
 24796 | Lair:3   | Gained mutation: Your magical capacity is low. (-10% MP)
                  | [potion of mutation]
 24796 | Lair:3   | Gained mutation: Your spells are a little harder to cast,
                  | but a little more powerful. [potion of mutation]
 24797 | Lair:3   | Lost mutation: Your spells are a little harder to cast, but
                  | a little more powerful. [potion of mutation]
 24797 | Lair:3   | Lost mutation: Your magical capacity is low. (-10% MP)
                  | [potion of mutation]
 24797 | Lair:3   | Gained mutation: You are dopey. (Int -2) [potion of
                  | mutation]
 24797 | Lair:3   | Gained mutation: You possess an exceptional clarity of
                  | mind. [potion of mutation]
 24798 | Lair:3   | Lost mutation: You possess an exceptional clarity of mind.
                  | [potion of mutation]
 24798 | Lair:3   | Lost mutation: You are dopey. (Int -2) [potion of mutation]
 24798 | Lair:3   | Gained mutation: You have hidden genetic potential. [potion
                  | of mutation]
 24933 | Lair:4   | Reached skill level 10 in Invocations
 24992 | Lair:4   | Reached XP level 13. HP: 19/101 MP: 20/20
 25001 | Lair:4   | Reached **** piety under Dithmenos
 25015 | Lair:4   | Slain by an elephant

Illustrated notes

Levels and vault maps discovered:
D:1:      scummos_arrival_simple_fountains, layout_basic, serial_shops, shop
D:2:      layout_basic, serial_shops, shop,
          hellmonk_ecumenical_altar_inner_sanctum
D:3:      layout_loops_cross, uniq_jessica
D:4:      layout_basic, ebering_ghost_gozag, minmay_misc_feat_square
D:5:      layout_basic, nicolae_gozag_cash_rules_everything_around_me
D:6:      layout_gridville, minmay_temple_entry_junction
D:7:      layout_gridville, serial_shops, nicolae_stop_n_shop_2, shop,
          nicolae_shop_crystal, nicolae_lakefront_shop,
          grunt_decor_mini_mirrors, kennysheep_windowed_goal,
          uniq_crazy_yiuf_cottage
D:8:      layout_basic, uniq_psyche
D:9:      layout_loops_corners, biasface_ghost_orc_armoury,
          corexii_corridor_pit, minmay_misc_feat_enclosed, unseen_surprise_small
D:10:     layout_irregular_city
D:11:     layout_basic, lair_entry_dummy, erik_orc_1, uniq_maurice
Temple:   grunt_wide_crystal_templ
Lair:1:   layout_gridlike, basic_altar, grunt_megastairs_4
Lair:2:   layout_small_grid, minmay_shoals_entry_centaurs,
          nicolae_spider_entry_orb_guardian, gauntlet_entry_generic,
          minivault_24
Lair:3:   layout_regular_city, forest_entry_grove
Lair:4:   layout_concentric_octagons, minivault_23, uniq_kirke

Skill      XL: |  1  2  3  4  5  6  7  8  9 10 11 12 |
---------------+-------------------------------------+-----
Dodging        | 1 2 3 4 5 6 7 8 |  8.0
Short Blades   | 2 3 4 5 6 7 8 |  8.1
Throwing       | 2 3 4 5 6 7 8 |  8.2
Stealth        | 4 5 6 7 8 9 |  9.6
Fighting       | 3 4 5 6 7 8 9 |  9.1
Invocations    | 1 3 5 7 8 10 | 10.1
Armour         | 2 3 4 6 |  6.0
Hexes          | 2 |  2.8
Spellcasting   | 2 |  2.4

Action                   |  1- 3 |  4- 6 |  7- 9 | 10-12 | 13-15 || total
-------------------------+-------+-------+-------+-------+-------++-------
Melee: Dagger            |   151 |   142 |   123 |       |       ||   416
       Short sword       |       |    96 |   445 |  1197 |       ||  1738
       Headbutt          |       |    27 |   184 |   450 |     9 ||   670
       Quarterstaff      |       |    16 |       |       |       ||    16
       Trident           |       |       |    33 |   225 |    12 ||   270
       Spear             |       |       |       |     7 |       ||     7
Throw: Dart              |       |       |    29 |    12 |       ||    41
       Boomerang         |       |       |     7 |    25 |       ||    32
Invok: Shadow Step       |       |       |       |     1 |     1 ||     2
  Use: Scroll            |       |       |     5 |     3 |       ||     8
       Potion            |       |       |       |     5 |       ||     5
 Stab: Sleeping          |    13 |    13 |     5 |    20 |       ||    51
       Distracted        |     1 |       |     2 |     1 |       ||     4
Armor: Robe              |    28 |       |       |       |       ||    28
       Leather armour    |    16 |    71 |   157 |       |       ||   244
       Ring mail         |       |       |     7 |   699 |    27 ||   733
Dodge: Dodged            |    74 |   144 |   325 |  1230 |    30 ||  1803

Table legend: (Time is in decaauts)
 A = Elapsed time spent in this place.
 B = Non-inter-level travel time spent in this place.
 C = Inter-level travel time spent in this place.
 D = Time resting spent in this place.
 E = Time spent auto-exploring this place.
 F = Levels seen in this place.
 G = Mean time per level.
                   A        B        C        D        E       F      G
               +--------+--------+--------+--------+--------+-----+--------+
         Total |  24625 |  23756 |    869 |   3739 |  14391 |  16 | 1539.1 |
       Dungeon |  19195 |  18602 |    593 |   3179 |  11253 |  11 | 1745.0 |
        Temple |     47 |     30 |     17 |      0 |     13 |   1 |   47.0 |
          Lair |   5382 |   5123 |    259 |    560 |   3125 |   4 | 1345.5 |
               +--------+--------+--------+--------+--------+-----+--------+

Top non-repeatable levels by time:
    D:11: 2397 daAuts
     D:5: 2193 daAuts
    D:10: 2129 daAuts
  Lair:1: 1975 daAuts
     D:6: 1894 daAuts
     D:7: 1808 daAuts
  Lair:3: 1704 daAuts
     D:4: 1619 daAuts
     D:1: 1618 daAuts
     D:8: 1588 daAuts
  Lair:2: 1564 daAuts
     D:2: 1499 daAuts
     D:9: 1270 daAuts
     D:3: 1175 daAuts
  Lair:4: 137 daAuts
